 Dungeon Crawl Stone Soup version 0.26.1-11-gd32895ea62 (webtiles) character file.

Game seed: 3677235453287898479

64 KamiKatze the Conjurer (level 3, -18/19 HPs)
             Began as a Deep Elf Conjurer on July 11, 2021.
             Demolished by an orc warrior
             ... wielding a cursed +0 scimitar
              (22 damage)
             ... on level 2 of the Dungeon.
             The game lasted 00:07:37 (1757 turns).

KamiKatze the Conjurer (Deep Elf Conjurer)          Turns: 1757, Time: 00:07:37

Health: -18/19     AC:  2    Str:  4    XL:     3   Next: 91%
Magic:  3/10       EV: 13    Int: 23    God:
Gold:   104        SH:  0    Dex: 13    Spells: 7/10 levels left

rFire    . . .     SeeInvis .   d - +0 dagger
rCold    . . .     Faith    .   (no shield)
rNeg     . . .     Spirit   .   a - +0 robe
rPois    .         Reflect  .   (no helmet)
rElec    .         Harm     .   (no cloak)
rCorr    .         Rampage  .   (no gloves)
Will     .....                  (no boots)
Stlth    ++........             (no amulet)
HPRegen  0.06/turn              (no ring)
MPRegen  0.12/turn              (no ring)

@: no status effects
A: no striking features
a: no special abilities


You were on level 2 of the Dungeon.
You visited 1 branch of the dungeon, and saw 2 of its levels.

You collected 104 gold pieces.

Inventory:

Hand Weapons
 d - a +0 dagger (weapon)
Armour
 a - a +0 robe (worn)
Scrolls
 b - a scroll of teleportation {unknown}
 c - a scroll of enchant armour {unknown}
 e - a scroll of noise {unknown}
 h - a scroll of enchant weapon {unknown}
 i - 4 scrolls of magic mapping {unknown}
 j - a scroll of fog {unknown}
Potions
 f - a potion of curing {unknown}
 g - a potion of heal wounds {unknown}


   Skills:
 - Level 3.0 Dodging
 - Level 3.0 Stealth
 * Level 4.2 Spellcasting
 * Level 5.1 Conjurations


You had 7 spell levels left.
You knew the following spells:

 Your Spells              Type           Power        Failure   Level
a - Magic Dart            Conj           100%         1%          1
b - Searing Ray           Conj           56%          1%          2

Your spell library contained the following spells:

 Spells                   Type           Power        Failure   Level
 Dazzling Flash           Conj/Hex       32%          11%         3
 Fulminant Prism          Conj/Hex       8%           34%         4
 Iskenderun's Mystic Bla  Conj/Tloc      16%          34%         4


Dungeon Overview and Level Annotations

Branches:
Dungeon (2/15)

Altars:

Annotations:
D:1 dig better escape tunel at exit


Message History

The searing ray hits the orc warrior.
The orc warrior is heavily wounded.
The searing ray misses the orc warrior.
You finish channeling your searing ray.
An orc comes into view. It is wielding a +0 club.
The orc warrior hits you with a cursed +0 scimitar!
Ouch! That really hurt!
* * * LOW HITPOINT WARNING * * *
Unknown command.
Casting: Searing Ray (safe; 1% risk of failure)
Confirm with . or Enter, or press ? or * to list all spells.
Aiming: Searing Ray (safe; 1% risk of failure)
Press: ? - help, Shift-Dir - straight line, f/p - orc warrior
Aim: an orc warrior, wielding a +0 scimitar and wearing a +0 plate armour (heavily wounded, 21% to evade)
The searing ray hits the orc warrior!
The orc warrior is severely wounded. (Press . to maintain the ray.)
The orc shouts!
You hear a shout!
The orc warrior hits you with a cursed +0 scimitar!!
Ouch! That really hurt!
You die...

....#........#.# #.# #)o....#
....########.#.###.# #### #.#####
#....##.# .... ......# ##.....#.#
#..# #.###.# ##...>....# #..#
...##.####.........####..#
....................o....########
#####>####.........#####.##......
................@o.......##.#####
#####.#####......#..........# #
#.# #.....############# # #.#
#..#### # #.# #..# # #.# #..# #
#.#####..# # #........#
###########.##


You could see an orc warrior and an orc.

Vanquished Creatures
  An adder (D:2)
  A dart slug (D:1)
  4 leopard geckos
  6 orcs (D:2)
  4 bats (D:1)
  3 giant cockroaches
  6 hobgoblins
  3 jackals
  A quokka (D:2)
  A ball python (D:1)
  2 frilled lizards (D:2)
  2 goblins (D:1)
  4 kobolds
  4 rats (D:1)
42 creatures vanquished.

Notes
Turn   | Place    | Note
-------+----------+-------------------------------------------
     0 | D:1      | KamiKatze the Deep Elf Conjurer began the quest for the
                  | Orb.
     0 | D:1      | Reached XP level 1. HP: 10/10 MP: 6/6
   371 | D:1      | Reached XP level 2. HP: 15/15 MP: 2/8
   487 | D:1      | Learned a level 2 spell: Searing Ray
   889 | D:1      | Reached XP level 3. HP: 17/19 MP: 7/10
  1492 | D:2      | Reached skill level 5 in Conjurations
  1666 | D:2      | Noticed an orc warrior
  1757 | D:2      | Demolished by an orc warrior

Illustrated notes

Levels and vault maps discovered:
D:1:      dpeg_arrival_circle_labyrinth_c, layout_loops_ring, minmay_distorted
D:2:      cheibrodos_pilgrimage, layout_loops_ring, uniq_robin

Skill      XL: |  1  2  3 |
---------------+----------+-----
Stealth        | 3 |  3.0
Dodging        | 3 |  3.0
Spellcasting   | 4 |  4.2
Conjurations   | 5 |  5.1

Action                   || total
-------------------------++-------
Melee: Dagger            ||     3
 Cast: Magic Dart        ||    66
       Searing Ray       ||     6
Armor: Robe              ||     1
Dodge: Dodged            ||    13
